 Dungeon Crawl Stone Soup version 0.30-a0-715-gdb4ae3ece1 (webtiles) character file.

Game seed: 13943748822661945394

105 Lobster4 the Chopper (level 4, -2/40 HPs)
             Began as a Hill Orc Fighter on Jan 23, 2023.
             Slain by Grinder (6 damage)
             ... while paralysed by Grinder
             ... on level 3 of the Dungeon.
             The game lasted 00:02:50 (1741 turns).

Lobster4 the Chopper (Hill Orc Fighter)             Turns: 1741, Time: 00:02:50

Health: -2/40      AC:  7    Str: 20    XL:     4   Next: 83%
Magic:  4/4        EV:  2    Int:  8    God:
Gold:   99         SH:  0    Dex: 10    Spells: 3/3 levels left

rFire   . . .      SeeInvis .    a - +0 war axe
rCold   . . .      Faith    .    c - +0 buckler
rNeg    . . .      Spirit   .    b - +0 scale mail
rPois   .          Reflect  .    (no helmet)
rElec   .          Harm     .    (no cloak)
rCorr   .          Rampage  .    (no gloves)
Will    .....                    (no boots) Stlth
                                 (no amulet)
HPRegen 0.26/turn                (no ring)
MPRegen 0.09/turn                (no ring)

@: paralysed, mighty
A: no striking features
a: no special abilities


You were on level 3 of the Dungeon.
You visited 1 branch of the dungeon, and saw 3 of its levels.

You collected 99 gold pieces.

Inventory:

Hand Weapons
 a - a +0 war axe (weapon)
 n - the +6 dagger of the Valley {pain, Will+ Str+2}
   (You found it on level 2 of the Dungeon)

   Str:       It affects your strength (+2).
   Will:      It increases your willpower.
Missiles
 e - 5 stones (quivered)
Armour
 b - a +0 scale mail (worn)
 c - a +0 buckler (worn)
Jewellery
 o - a ring of fire
Scrolls
 f - a scroll of noise {unknown}
 g - 5 scrolls of teleportation
 h - a scroll of immolation {unknown}
 j - a scroll of silence {unknown}
 m - 4 scrolls of identify {unknown}
 q - a scroll of magic mapping {unknown}
Potions
 i - a potion of cancellation {unknown}
 k - 2 potions of curing {unknown}
 l - a potion of degeneration {unknown}
 p - a potion of lignification {unknown}


   Skills:
 + Level 4.3 Fighting
 * Level 4.5 Axes
 + Level 4.0 Armour
 + Level 3.9 Shields


You had 3 spell levels left.
You didn't know any spells.
Your spell library contained the following spells:

 Spells                   Type           Power      Damage    Failure   Level
 Beastly Appendage        Tmut           0%         N/A       85%         1
 Wereblood                Tmut           0%         N/A       94%         2
 Spider Form              Tmut/Pois      0%         N/A       99%         3


Dungeon Overview and Level Annotations

Branches:
Dungeon (3/15)

Altars:
Cheibriados

Annotations:
D:3 Grinder


Message History

The orc completely misses you.
You can move again.
Unknown command.
Unknown command.
There is a stone staircase leading down here.
Okay, then.
You feel very mighty all of a sudden. Grinder gestures at you.
You barely resist. Grinder hits you.
You writhe in agony.
You closely miss Grinder. You hit the orc. Grinder hits you.
You writhe in agony.
The orc hits you with a +0 club. The orc barely misses you.
Grinder blinks!
The orc attacks as you move away! The orc hits you with a +0 club.
The orc hits you with a +0 short sword.
You hit the orc.
The orc is moderately wounded.
You barely miss the orc. You block the orc's attack.
You slash the orc!
You kill the orc!
You slash the orc!
You kill the orc!
You slash Grinder! Grinder gestures at you. Pain shoots through your body!
You closely miss Grinder.
Grinder is moderately wounded.
You slash the orc!
You kill the orc!
You block Grinder's attack. Grinder gestures at you.
You suddenly lose the ability to move!
Your Armour skill increases to level 4!
Grinder hits you.
You writhe in agony.
* * * LOW HITPOINT WARNING * * *
Grinder hits you but does no damage. Grinder hits you!
* * * LOW HITPOINT WARNING * * *
You writhe in agony.
You die...

#####.. #.. ######. ... #.#
.....>.##.# #.#
........#.## #.#
...........# #.#
........#..### ####.#
........#o...#########....#
.........5##...............
.........)@)>.....##.......
.o......########.##...##.##
.(.....## ##..##.#.#..#
....... #..###.....##
....... ##.####....## ..
#..# #....## #.####..###
#.###...# ##.##.(.##


You could see Grinder and an orc.

Vanquished Creatures
  Jessica (D:2)
  2 adders (D:2)
  2 dart slugs
  3 orcs (D:3)
  10 ball pythons
  6 endoplasms
  A giant cockroach (D:2)
  4 goblins
  5 hobgoblins
  A quokka (D:1)
  4 bats
  3 frilled lizards
  5 kobolds
  5 rats
52 creatures vanquished.

Notes
Turn   | Place    | Note
-------+----------+-------------------------------------------
     0 | D:1      | Lobster4 the Hill Orc Fighter began the quest for the Orb.
     0 | D:1      | Reached XP level 1. HP: 19/19 MP: 1/1
   237 | D:1      | Reached XP level 2. HP: 22/27 MP: 2/2
   736 | D:1      | Reached XP level 3. HP: 33/33 MP: 3/3
  1160 | D:2      | Identified the +6 dagger of the Valley {pain, Will+ Str+2}
  1227 | D:2      | Found a snail-covered altar of Cheibriados.
  1283 | D:2      | Noticed Jessica
  1301 | D:2      | Reached XP level 4. HP: 34/40 MP: 4/4
  1304 | D:2      | Killed Jessica
  1722 | D:3      | Noticed Grinder
  1728 | D:3      | Paralysed by Grinder for 2 turns
  1738 | D:3      | Paralysed by Grinder for 4 turns
  1741 | D:3      | Slain by Grinder

Illustrated notes

Levels and vault maps discovered:
D:1:      dpeg_arrival_solitude, layout_loops_cross, minmay_pentomino_s2
D:2:      layout_basic, basic_altar, serial_bayou_pond_e,
          chequers_serial_rivers_micro_d, uniq_jessica
D:3:      layout_rooms, uniq_grinder

Skill      XL: |  1  2  3  4 |
---------------+-------------+-----
Axes           | 3 4 |  4.5
Fighting       | 4 |  4.3
Armour         | 4 |  4.0
Shields        | |  3.9

Action                     |  1- 3 |  4- 6 || total
---------------------------+-------+-------++-------
  Melee: War axe           |   114 |    21 ||   135
    Use: Scroll            |       |     1 ||     1
         Potion            |       |     1 ||     1
 Armour: Scale mail        |    65 |     9 ||    74
  Dodge: Dodged            |    45 |    11 ||    56
  Block: Buckler           |    17 |     6 ||    23

Table legend: (Time is in decaauts)
 A = Elapsed time spent in this place.
 B = Non-inter-level travel time spent in this place.
 C = Inter-level travel time spent in this place.
 D = Time resting spent in this place.
 E = Time spent auto-exploring this place.
 F = Levels seen in this place.
 G = Mean time per level.
                   A        B        C        D        E       F      G
               +--------+--------+--------+--------+--------+-----+--------+
         Total |   1790 |   1762 |     28 |      0 |   1399 |   3 |  596.7 |
       Dungeon |   1790 |   1762 |     28 |      0 |   1399 |   3 |  596.7 |
               +--------+--------+--------+--------+--------+-----+--------+

Top non-repeatable levels by time:
     D:1: 825 daAuts
     D:2: 816 daAuts
     D:3: 148 daAuts
